Map: Frozen Temple

Players

llllllllllll - Winner!

  • Race: Terran Terran
  • League: Grandmaster

Miszu

  • Race: Terran Terran
  • League: Grandmaster

VOD

Have the link to the VOD?

Description

Time

  • Played on: May 17, 2016, 8:12 a.m.
  • Length: 3:25
Show
View Real Time Build Order
Export as new Build Order

llllllllllll Terran - Winner!

Build Orders: 1/1/1 

Get SALT Encoding   

  12  0:00  SCV  
  13  0:12  SCV  
  14  0:18  Supply Depot  
  14  0:24  SCV  
  14  0:27  Refinery  
  15  0:39  SCV  
  16  0:45  Barracks  
  16  0:52  SCV  
  17  0:57  Refinery  
  17  1:04  SCV  
  18  1:16  SCV  
  19  1:32  Orbital Command  
  19  1:36  Factory  
  19  1:41  Reaper  
  20  1:55  Supply Depot  
  20  1:58  SCV  
  21  2:10  SCV  
  21  2:13  Reaper  
  23  2:21  Starport  
  23  2:23  Hellion  
  23  2:26  SCV  
  26  2:36  Supply Depot  
  26  2:38  SCV  
  27  2:46  Reaper  
  27  2:47  Hellion  
  27  2:51  SCV  
  31  3:01  Supply Depot  
  33  3:08  SCV  
Show
View Real Time Build Order
Export as new Build Order

Miszu Terran 

Build Orders: 1/1/1 

Get SALT Encoding   

  12  0:00  SCV  
  13  0:13  SCV  
  14  0:17  Supply Depot  
  14  0:25  SCV  
  15  0:32  Refinery  
  15  0:39  SCV  
  16  0:46  Barracks  
  16  0:51  SCV  
  16  0:54  Refinery  
  17  1:03  SCV  
  18  1:15  SCV  
  19  1:28  SCV  
  20  1:34  Factory  
  20  1:35  Reaper  
  21  1:43  Orbital Command  
  21  1:51  Supply Depot  
  21  2:07  Reaper  
  22  2:08  SCV  
  23  2:19  Starport  
  23  2:22  Hellion  
  25  2:25  SCV  
  26  2:32  Supply Depot  
  26  2:37  SCV  
  26  2:39  Reaper  
  28  2:45  Hellion  
  30  2:55  Medivac  
  30  2:57  SCV  
  33  3:02  Supply Depot  
  33  3:07  Factory Tech Lab  
Tags
 
Add a new tag
Caveats
  • Supply blocks, unpowered buildings, or Contaminate may cause inaccurate times.
  • Supply counts are checked every 10 seconds.